 Dungeon Crawl Stone Soup version 0.26.1 (webtiles) character file.

Game seed: 555432963161957628

128 teolandon225 the Sneak (level 4, -37/31 HPs)
             Began as a Spriggan Enchanter on Feb 4, 2021.
             Killed by an exploding an orc wizard (44 damage)
             ... exploding inner flame
             ... on level 2 of the Dungeon.
             The game lasted 00:06:35 (4029 turns).

teolandon225 the Sneak (Spriggan Enchanter)         Turns: 4029, Time: 00:06:35

Health: -37/31     AC: 22    Str:  4    XL:     4   Next: 86%
Magic:  3/9        EV:  4    Int: 17    God:
Gold:   195        SH:  0    Dex: 16    Spells: 2/8 levels left

rFire    . . .     SeeInvis +   a - +1 dagger
rCold    . . .     Faith    .   (shield restricted)
rNeg     + + +     Spirit   .   (armour currently unavailable)
rPois    +         Reflect  .   (helmet currently unavailable)
rElec    .         Harm     .   (cloak currently unavailable)
rCorr    .         Rampage  .   (gloves unavailable)
Will     .....     NoTele   +   (boots unavailable)
Stlth    +++.......             (no amulet)
HPRegen  0.10/turn              (no ring)
MPRegen  0.11/turn              (no ring)

@: tree-form
A: very small, unfitting armour, see invisible
a: no special abilities


You were on level 2 of the Dungeon.
You were a tree.
You visited 1 branch of the dungeon, and saw 3 of its levels.

You collected 195 gold pieces.

Inventory:

Hand Weapons
 a - a +1 dagger (weapon)
Armour
 b - a +0 robe (melded)
Jewellery
 i - a +6 ring of strength {unknown}
 p - an uncursed ring of see invisible {unknown}
Scrolls
 c - 2 scrolls of immolation
 g - a scroll of enchant weapon {unknown}
 h - 2 scrolls of teleportation
 j - 4 scrolls of identify {unknown}
 l - 2 scrolls of remove curse {unknown}
 m - a scroll of random uselessness
 n - a scroll of blinking {unknown}
 q - a scroll of amnesia {unknown}
Potions
 d - a potion of lignification
 e - a potion of brilliance {unknown}
 f - 2 potions of heal wounds {unknown}
 k - 3 potions of curing
 o - a potion of attraction {unknown}


   Skills:
 - Level 1.1 Short Blades
 + Level 4.2 Dodging
 * Level 6.4 Stealth
 - Level 2.6 Spellcasting
 * Level 5.2 Hexes


You had 2 spell levels left.
You knew the following spells:

 Your Spells              Type           Power        Failure   Level
q - Ensorcelled Hibernat  Hex/Ice        22%          10%         2
r - Corona                Hex            21%          2%          1
w - Confusing Touch       Hex            19%          6%          3

Your spell library contained the following spells:

 Spells                   Type           Power        Failure   Level
 Tukima's Dance           Hex            19%          6%          3
 Dazzling Flash           Conj/Hex       22%          19%         3


Dungeon Overview and Level Annotations

Branches:
Dungeon (3/15)

Altars:

Annotations:
D:1 exclusion: downstairs


Innate Abilities, Weirdness & Mutations

You are very small and have problems with some larger weapons.
You are too small for most types of armour.
You have supernaturally acute eyesight. (SInv)
((You cover ground extremely quickly.))


Message History

* * * LOW HITPOINT WARNING * * *
The orc wizard hits you but does no damage.
You hit the orc wizard but do no damage.
The orc wizard is lightly wounded.
You feel yourself speed up.
The orc wizard hits you but does no damage.
The orc wizard hits you with a +1 dagger of speed.
* * * LOW HITPOINT WARNING * * *
The orc wizard hits you but does no damage.
You hit the orc wizard.
Flame seeps out of the orc wizard.
The orc wizard is moderately wounded.
The orc wizard is engulfed in blazing flames.
Flame seeps out of the orc wizard.
The orc wizard points at you and mumbles some strange words.
The magic dart hits you but does no damage.
The orc wizard is engulfed in blazing flames.
The orc wizard explodes!
The fiery explosion engulfs you!!!
Ouch! That really hurt!
You die...

.........#.###.# #.#
.........#.....# #.#
##'#####.######### #.###
#.#.......#.....# #...#
#÷#####.#...[.#.#####.#
##.#####.....###.......#
.................>######
.#....##.#...###§.#
.#....+.......§○♣.#
.#....#.##..####§.#
.+....+...........#
.#....#.##..#####.#
.#....#.##.....##.#
.#....#.###.##.##.#
.##..........#.##.######
.............#.##......#
.##...#......(.#.......#


There were no monsters in sight!

Vanquished Creatures
  An orc wizard (D:2)
  4 adders (D:2)
  An ooze (D:3)
  2 worms (D:2)
  3 dart slugs
  2 leopard geckos
  8 orcs (D:3)
  3 ball pythons (D:1)
  A giant cockroach (D:1)
  9 goblins
  7 hobgoblins
  9 kobolds
  A quokka (D:2)
  8 bats
  4 frilled lizards
  6 rats
69 creatures vanquished.

Notes
Turn   | Place    | Note
-------+----------+-------------------------------------------
     0 | D:1      | teolandon225 the Spriggan Enchanter began the quest for the
                  | Orb.
     0 | D:1      | Reached XP level 1. HP: 9/9 MP: 5/5
   518 | D:1      | Reached XP level 2. HP: 13/13 MP: 6/6
   526 | D:1      | Learned a level 2 spell: Ensorcelled Hibernation
   677 | D:1      | Reached skill level 5 in Stealth
  1719 | D:2      | Reached XP level 3. HP: 16/16 MP: 5/8
  1723 | D:2      | Learned a level 3 spell: Confusing Touch
  2528 | D:2      | Reached XP level 4. HP: 21/21 MP: 6/9
  2561 | D:2      | Reached skill level 6 in Stealth
  2889 | D:2      | Reached skill level 5 in Hexes
  4029 | D:2      | Killed by an exploding an orc wizard... exploding inner
                  | flame

Illustrated notes

Levels and vault maps discovered:
D:1:      sevenhm_arrival_forest_fort_large_3, layout_loops_ring,
          minmay_tiny_reverse_x
D:2:      layout_basic, minmay_close_crescents
D:3:      layout_loops_corners, gammafunk_temple_overflow_wave, uniq_jessica

Skill      XL: |  1  2  3  4 |
---------------+-------------+-----
Hexes          | 4 5 |  5.2
Stealth        | 5 6 |  6.4
Dodging        | 4 |  4.2
Short Blades   | |  1.1
Spellcasting   | |  2.6

Action                   |  1- 3 |  4- 6 || total
-------------------------+-------+-------++-------
Melee: Dagger            |    93 |    54 ||   147
 Cast: Corona            |     2 |       ||     2
       Ensorcelled Hiber |    42 |    37 ||    79
  Use: Scroll            |       |     3 ||     3
       Potion            |       |     2 ||     2
 Stab: Sleeping          |    35 |    21 ||    56
Armor: Robe              |     8 |     3 ||    11
       Skin              |       |    18 ||    18
Dodge: Dodged            |    75 |    37 ||   112
